 Dungeon Crawl Stone Soup version 0.29.0-11-gd7f09526c8 (webtiles) character file.

Game seed: 10273170913053641565

67 SnakkuSnakku7 the Sneak (level 4, 0/30 (31) HPs)
             Began as a Human Delver on Sept 6, 2022.
             Was an Initiate of Elyvilon.
             Slain by a ball python (2 damage)
             ... in a sewer.
             The game lasted 00:04:08 (1768 turns).

SnakkuSnakku7 the Sneak (Human Delver)              Turns: 1768, Time: 00:04:09

HP:   0/30 (31)     AC:  5    Str: 14    XL:     4   Next: 38%
MP:   4/4           EV:  8    Int: 11    God:    Elyvilon [......]
Gold: 61            SH:  0    Dex: 14    Spells: 3/3 levels left

rFire   . . .      SeeInvis .   a - +0 trident
rCold   + . .      Faith    .   (no shield)
rNeg    . . .      Spirit   .   j - +0 ring mail
rPois   .          Reflect  .   (no helmet)
rElec   .          Harm     .   (no cloak)
rCorr   .          Rampage  .   (no gloves)
Will    .....                   (no boots)
Stlth   ++........              h - amulet of the acrobat
HPRegen 0.10/turn               (no ring)
MPRegen 0.09/turn               (no ring)

@: mighty, lethally poisoned (0 -> -4), hasted, constricted, lightly drained,
very quick
A: cold resistance 1, frail 1, sense surroundings 1
a: Renounce Religion


You were in a sewer.
You worshipped Elyvilon.
Elyvilon was noncommittal.
You visited 1 branch of the dungeon, and saw 4 of its levels.
You also visited: Sewer.

You collected 61 gold pieces.

Inventory:

Hand Weapons
 a - a +0 trident (weapon)
 d - a +0 spear
Armour
 b - a +0 leather armour
 j - a +0 ring mail (worn)
Jewellery
 h - an amulet of the acrobat (around neck)
Wands
 g - a wand of digging (3)
Scrolls
 c - a scroll of fog
 i - a scroll of torment {unknown}


   Skills:
 - Level 3.0 Fighting
 + Level 4.3 Polearms
 - Level 2.0 Dodging
 - Level 5.0 Stealth


You had 3 spell levels left.
You didn't know any spells.
Your spell library was empty.

Dungeon Overview and Level Annotations

Branches:
Dungeon (5/15)              Sewer (1/1)
 Temple: D:4-7

Altars:
Elyvilon
Fedhas
Okawaru
Qazlal
Yredelemnul

Annotations:
D:3 Natasha


Innate Abilities, Weirdness & Mutations

Your flesh is cold resistant. (rC+)
You are frail. (-10% HP)
You passively map a small area around you.


Message History

The adder is severely wounded.
Unknown command.
Reach: a) +0 trident
Press: ? - help, Dir - move target, f/p - adder
Aim: an adder (severely wounded, about 58% to evade your +0 trident)
You closely miss the adder.
The adder is severely wounded.
The adder bites you.
* * * LOW HITPOINT WARNING * * *
Reach: a) +0 trident
Press: ? - help, Dir - move target, f/p - adder
Aim: an adder (severely wounded, about 58% to evade your +0 trident)
You barely miss the adder.
The adder is severely wounded.
Unknown command.
You closely miss the adder.
The adder is severely wounded.
The adder barely misses you. The ball python bites you.
* * * LOW HITPOINT WARNING * * *
The ball python closely misses you.
Unknown command.
You barely miss the adder.
The adder is severely wounded.
The adder barely misses you.
The ball python bites you but does no damage.
The ball python grabs you. The ball python constricts you.
Unknown command.
It was a potion of might.
You feel very mighty all of a sudden. The adder bites you.
* * * LOW HITPOINT WARNING * * *
You are lethally poisoned!
The adder poisons you!
Unknown command.
It was a potion of mutation.
You feel extremely strange.
You feel a strange attunement to the structure of the dungeons.
You feel frail.
You feel resistant to cold.
* * * LOW HITPOINT WARNING * * *
You feel sick. The ball python bites you.
You die...

* * ~ ~ ,, ~ ~ ,
~ * , ~ , * * **
, * ~ *#### ,
#S@# ,
#########S## ~ #
#~~~~~~~~K.# ,~~
#~#########rĂ·#
...#~#~.#~#.PP.##
....PP..#~#.....#
~.~~..~~#~#.~.PP#
~.~~..~.#~#.~~~P#
#~~~.#~#~...##


You could see an adder, a ball python, a kobold and a rat.

Vanquished Creatures
  An adder (Sewer)
  4 river rats
  An endoplasm (D:4)
  A giant cockroach (D:3)
  A hobgoblin (D:3)
  5 jackals
  5 ball pythons
  A frilled lizard (Sewer)
  A goblin (D:4)
  A kobold (D:4)
  3 rats (D:3)
24 creatures vanquished.

Vanquished Creatures (others)
  15 plants
15 creatures vanquished.

Grand Total: 39 creatures vanquished

Notes
Turn   | Place    | Note
-------+----------+-------------------------------------------
     0 | D:5      | SnakkuSnakku7 the Human Delver began the quest for the Orb.
     0 | D:5      | Reached XP level 1. HP: 18/18 MP: 1/1
    22 | D:5      | Noticed a yak
    22 | D:5      | Noticed a yak
    23 | D:5      | Noticed a yak
    24 | D:5      | Noticed a yak
    46 | D:5      | Noticed a hound
    49 | D:5      | Found a stormy altar of Qazlal.
    54 | D:4      | Noticed an orc wizard
   204 | D:4      | Found a white marble altar of Elyvilon.
   214 | D:4      | Became a worshipper of Elyvilon the Healer
   286 | D:4      | Reached XP level 2. HP: 24/24 MP: 2/2
   301 | D:4      | Noticed a black bear
   663 | D:3      | Found a basalt altar of Yredelemnul.
   663 | D:3      | Found an iron altar of Okawaru.
   663 | D:3      | Found a blossoming altar of Fedhas.
   712 | D:3      | Noticed Natasha
   814 | D:3      | Reached XP level 3. HP: 22/29 MP: 3/3
   819 | D:3      | HP: 1/29 [river rat (4)]
  1299 | D:3      | Found a glowing drain.
  1308 | Sewer    | Entered a sewer
  1392 | Sewer    | Reached XP level 4. HP: 21/35 MP: 4/4
  1768 | Sewer    | Gained mutation: You passively map a small area around you.
                  | [potion of mutation]
  1768 | Sewer    | Gained mutation: You are frail. (-10% HP) [potion of
                  | mutation]
  1768 | Sewer    | Gained mutation: Your flesh is cold resistant. (rC+)
                  | [potion of mutation]
  1768 | Sewer    | Slain by a ball python

Illustrated notes

Levels and vault maps discovered:
D:2:      layout_basic, item_on_display_a
D:3:      layout_loops_ring, gammafunk_temple_overflow_forgotten,
          portal_sewer_entry_b, minivault_23, uniq_natasha,
          uniq_crazy_yiuf_cottage
D:4:      layout_loops_cross, nicolae_elyvilon_temple_path, lemuel_doored_altar
D:5:      layout_loops_corners, mainiacjoe_overflow_alcove_1,
          lemuel_flame_loot_1
Sewer:    sewer_co_scattered_pipes

Skill      XL: |  1  2  3 |
---------------+----------+-----
Polearms       | 3 4 |  4.3
Fighting       | |  3.0
Dodging        | |  2.0
Stealth        | |  5.0

Action                   |  1- 3 |  4- 6 || total
-------------------------+-------+-------++-------
Melee: Spear             |    55 |       ||    55
       Trident           |    60 |    34 ||    94
       Punch             |     1 |       ||     1
  Use: Scroll            |     3 |       ||     3
       Potion            |       |     3 ||     3
 Stab: Sleeping          |     2 |       ||     2
Armor: Leather armour    |    14 |       ||    14
       Ring mail         |    15 |    15 ||    30
Dodge: Dodged            |    66 |    52 ||   118
